 Dungeon Crawl Stone Soup version 0.22.1-2-g9c5b331 (webtiles) character file.

66447 nicolaieve the Peltast (level 14, -5/119 HPs)
             Began as a Minotaur Berserker on Dec 19, 2018.
             Was the Champion of Trog.
             Killed by divine providence
             ... invoked by an orc priest
              (13 damage)
             ... on level 2 of the Orcish Mines.
             The game lasted 01:06:35 (14873 turns).

nicolaieve the Peltast (Minotaur Berserker)        Turns: 14873, Time: 01:06:36

Health: -5/119     AC: 22    Str: 24    XL:     14   Next: 79%
Magic:  13/13      EV: 11    Int:  6    God:    Trog [******]
Gold:   1735       SH: 16    Dex: 16    Spells: 13/13 levels left

rFire    + . .     SeeInvis .   S - +9 morningstar "Wenteici" {drain, rPois MR+ Int+2 Dex-3}
rCold    + + .     Gourm    .   N - +0 shield {rC+}
rNeg     . . .     Faith    .   G - +3 plate armour
rPois    +         Spirit   .   t - +1 hat "Sahauq" {Dex+4}
rElec    .         Reflect  .   B - scarf {rC+ rF+}
rCorr    .         Harm     .   E - +0 pair of gloves
MR       ++++.                  (no boots)
Stlth    ..........             (no amulet)
HPRegen  1.29/turn              F - +2 ring of strength
MPRegen  0.13/turn              r - +2 ring of evasion

@: berserk cooldown, regenerating, hasted and slowed
A: retaliatory headbutt, horns 2
a: Berserk, Trog's Hand, Brothers in Arms, Renounce Religion


You were on level 2 of the Orcish Mines.
You worshipped Trog.
Trog was exalted by your worship.
You were very hungry.

You visited 3 branches of the dungeon, and saw 18 of its levels.
You also visited: Ossuary and Ice Cave.

You collected 1922 gold pieces.
You spent 187 gold pieces at shops.

Inventory:

Hand Weapons
 d - a +0 hunting sling
 P - a +3 fustibalus of freezing
 S - the +9 morningstar "Wenteici" (weapon) {drain, rPois MR+ Int+2 Dex-3}
   (You found it on level 6 of the Lair of Beasts)

   A truly terrible weapon, it drains the life of those it strikes.
   It affects your intelligence (+2).
   It affects your dexterity (-3).
   It protects you from poison.
   It affects your resistance to hostile enchantments.
Missiles
 o - 574 stones (quivered)
Armour
 t - the +1 hat "Sahauq" (worn) {Dex+4}
   (You found it on level 6 of the Dungeon)

   It affects your dexterity (+4).
 u - a +0 cloak
 w - a +1 large shield
 B - a scarf of resistance (worn)
 E - a +0 pair of gloves (worn)
 G - a +3 plate armour (worn)
 N - a +0 shield of cold resistance (worn)
Jewellery
 b - an uncursed ring of protection from cold
 r - a +2 ring of evasion (right hand)
 F - a +2 ring of strength (left hand)
Wands
 i - a wand of enslavement (17)
 l - a wand of iceblast (21)
 y - a wand of polymorph (28)
 D - a wand of paralysis (16)
 J - a wand of acid (11)
 Q - a wand of flame (23)
Scrolls
 e - 11 scrolls of teleportation
 f - 3 scrolls of fear
 g - 3 scrolls of immolation
 j - 2 scrolls of fog
 k - a scroll of enchant weapon
 m - 5 scrolls of enchant armour
 n - 6 scrolls of magic mapping
 s - a scroll of blinking
 x - 6 scrolls of remove curse
 H - a scroll of identify
Potions
 a - 5 potions of flight
 h - 3 potions of agility
 p - 7 potions of curing
 v - 9 potions of heal wounds
 z - 4 potions of lignification
 A - a potion of haste
 C - 2 potions of resistance
 I - 3 potions of might
 K - a potion of ambrosia
 M - 4 potions of mutation
 O - a potion of brilliance
 R - 2 potions of invisibility
Comestibles
 c - 29 rations
 q - 31 chunks of flesh


   Skills:
 + Level 9.8 Fighting
 - Level 16.0 Maces & Flails
 + Level 15.7 Armour
 - Level 2.1 Dodging
 + Level 18.3 Shields


You had 13 spell levels left.
You didn't know any spells.
Your spell library was empty.

Dungeon Overview and Level Annotations

Branches:
Dungeon (10/15)            Temple (0/1) D:6            Lair (6/6) D:8
  Swamp (0/4) Lair:4        Snake (0/4) Lair:2        Slime (0/5) Lair:6
    Orc (2/2) D:10            Elf (0/3) Orc:2

Altars:
Ashenzari
Kikubaaqudgha
Qazlal
Ru
Uskayaw
Wu Jian
Zin
Beogh
Jiyva

Shops:
Orc:2 :!


Innate Abilities, Weirdness & Mutations

You reflexively headbutt those who attack you in melee.
You have a pair of horns on your head.


Message History

The orc warrior goes into a battle-frenzy!
The orc warrior hits the fungus with a trident!!
You feel a strong urge to attack something.
The orc warlord roars a battlecry!
The orc hits the fungus with a falchion!
You see here a tomahawk.
The orc priest no longer looks unusually strong.
The orc priest looks braver for a moment.
The orc hits the fungus with a hand axe!
The fungus is destroyed!
You feel your anger nearly subside.
You are no longer berserk.
You are exhausted.
You feel yourself slow down.
You see here a tomahawk.
You feel yourself speed up.
The orc wizard no longer looks unusually strong.
The orc priest looks satisfied for a moment.
The orc priest calls down the wrath of Beogh upon you.
Beogh smites you!
You die...

.......÷...........#..
.................#.....)..
..........#..............)..
......................##....
8.∩......#..........########
....o.o.#....#......#
......o..#....#..#.##
......o.o#...##.....#
......o)#o(@........##
.....o)ooo.#.........###
######))..###..........#
##.#####...........# ###
#....#..###.## ##.###### ##
###


You could see an orc knight, an orc warrior, 2 orc priests, an orc wizard and 4
orcs.

Vanquished Creatures
  Gastronok (Lair:2)
  2 azure jellies (Lair:6)
  A frost giant (IceCv)
  2 fire dragons (Lair:6)
  Erolcha (D:9)
  Harold (D:7)
  3 hydras
  A catoblepas (Lair:6)
  6 orc knights
  A swamp dragon (Lair:6)
  A lindwurm (Lair:6)
  Pikel (D:6)
  An orc sorcerer (Orc:2)
  The ghost of kalagan the Magician, a novice DEEE (D:6)
  31 elephants
  5 torpor snails (Lair:6)
  An ice statue (IceCv)
  A black mamba (Lair:4)
  A gargoyle (D:10)
  6 rime drakes
  11 spiny frogs
  5 komodo dragons
  2 ice devils (Lair:2)
  A troll (Orc:2)
  14 polar bears (IceCv)
  4 tyrant leeches (Lair:6)
  6 hornets (Lair:6)
  Grinder (D:6)
  5 dream sheep (Lair:5)
  8 blink frogs
  8 hippogriffs
  Sigmund (D:6)
  3 wyverns
  32 yaks
  6 basilisks
  2 steam dragons (Lair:6)
  2 hungry ghosts
  14 wargs
  3 nagas (Lair:2)
  An acid dragon (Lair:6)
  Edmund (D:5)
  2 soldier ants (D:9)
  Duvessa (D:4)
  17 water moccasins
  7 porcupines
  2 ice beasts
  4 slaves (D:6)
  2 swamp drakes (Lair:6)
  23 orc warriors
  A sky beast (D:9)
  A black bear (D:7)
  A phantom (D:4)
  7 ogres
  27 wolves
  2 centaurs
  16 crocodiles
  14 bullfrogs
  A gnoll sergeant (D:8)
  Dowan (D:4)
  4 scorpions
  5 wights
  A howler monkey (D:4)
  4 crimson imps
  2 bullfrog zombies
  4 hounds
  A quasit (D:6)
  3 centaur zombies
  2 jellies
  Crazy Yiuf (D:3)
  12 orc priests
  12 orc wizards
  Terence (D:3)
  8 iguanas
  7 worker ants
  Ijyb (D:4)
  A hound zombie (D:10)
  2 hound skeletons
  A howler monkey zombie (D:8)
  13 mummies (Ossuary)
  4 gnolls
  8 adders
  A shadow imp (D:4)
  An ooze (D:2)
  5 worms
  2 dart slugs
  A leopard gecko (D:4)
  106 orcs
  9 giant cockroaches
  10 goblins
  3 hobgoblins
  10 jackals
  7 quokkas
  A ball python (D:8)
  6 bats
  5 frilled lizards
  2 gnoll skeletons (Ossuary)
  2 goblin skeletons (Ossuary)
  9 kobolds
  3 kobold skeletons (Ossuary)
  An orc skeleton (Ossuary)
  5 rats
  11 rat skeletons (Ossuary)
  4 plants
628 creatures vanquished.

Vanquished Creatures (others)
  A basilisk (Lair:6)
  An orc (Orc:2)
  5 fungi
  13 plants
20 creatures vanquished.

Grand Total: 648 creatures vanquished

Notes
Turn   | Place    | Note
-------+----------+-------------------------------------------
     0 | D:1      | nicolaieve the Minotaur Berserker began the quest for the
                  | Orb.
     0 | D:1      | Reached XP level 1. HP: 19/19 MP: 0/0
   226 | D:1      | Reached XP level 2. HP: 20/26 MP: 1/1
   645 | D:2      | Reached ** piety under Trog
   677 | D:2      | Reached skill level 5 in Maces & Flails
   810 | D:2      | Noticed a dagger
   810 | D:2      | Noticed a dagger
   812 | D:2      | Found a hide-covered altar of Uskayaw.
   903 | D:2      | Reached XP level 3. HP: 21/31 MP: 2/2
   968 | D:2      | Reached XP level 4. HP: 34/39 MP: 3/3
  1224 | D:3      | Noticed Terence
  1229 | D:3      | Killed Terence
  1614 | D:3      | Found a runed door.
  1732 | D:3      | Noticed Crazy Yiuf
  1738 | D:3      | Killed Crazy Yiuf
  1738 | D:3      | Reached XP level 5. HP: 45/45 MP: 4/4
  1765 | D:4      | Noticed an ogre
  1773 | D:4      | Killed an ogre
  1773 | D:4      | Reached XP level 6. HP: 28/51 MP: 5/5
  1920 | D:4      | Reached *** piety under Trog
  1966 | D:4      | Noticed Ijyb
  1972 | D:4      | Killed Ijyb
  1974 | D:4      | Reached XP level 7. HP: 43/57 MP: 6/6
  2082 | D:4      | Noticed Dowan
  2091 | D:4      | Killed Dowan
  2091 | D:4      | Reached skill level 10 in Maces & Flails
  2274 | D:4      | Noticed Duvessa
  2284 | D:4      | Killed Duvessa
  2356 | D:4      | Found an ancient bone altar of Kikubaaqudgha.
  2356 | D:4      | Found a shattered altar of Ashenzari.
  2389 | D:5      | Entered Level 5 of the Dungeon
  2604 | D:5      | Noticed Edmund
  2632 | D:5      | Killed Edmund
  2632 | D:5      | Reached XP level 8. HP: 36/64 MP: 7/7
  2663 | D:5      | Found a glowing silver altar of Zin.
  2670 | D:5      | Found an ornate altar of the Wu Jian Council.
  2675 | D:5      | Found a stormy altar of Qazlal.
  2785 | D:6      | Noticed Pikel
  2801 | D:6      | Killed Pikel
  2906 | D:6      | Noticed Sigmund
  2914 | D:6      | Killed Sigmund
  3119 | D:6      | Reached **** piety under Trog
  3135 | D:6      | Found a runed gate.
  3137 | D:6      | Found a runed gate.
  3138 | D:6      | Found a runed gate.
  3143 | D:6      | Noticed kalagan's ghost (novice DEEE)
  3143 | D:6      | Found a roughly hewn altar of Beogh.
  3425 | D:6      | Noticed Grinder
  3446 | D:6      | Killed Grinder
  3446 | D:6      | Reached XP level 9. HP: 49/70 MP: 8/8
  3475 | D:6      | Found a staircase to the Ecumenical Temple.
  3658 | D:6      | Killed kalagan's ghost
  3681 | D:6      | Got a spiked hat
  3687 | D:6      | Identified the +1 hat "Sahauq" {Dex+4} (You found it on
                  | level 6 of the Dungeon)
  3837 | D:7      | Found a sand-covered staircase.
  3845 | Ossuary  | Entered an ossuary
  3996 | Ossuary  | Reached ***** piety under Trog
  4307 | D:7      | Noticed Harold
  4327 | D:7      | Killed Harold
  4327 | D:7      | Reached skill level 10 in Armour
  4327 | D:7      | Reached XP level 10. HP: 76/77 MP: 9/9
  4335 | D:7      | Received a gift from Trog
  4732 | D:8      | Reached skill level 5 in Fighting
  5081 | D:8      | Found a staircase to the Lair.
  5605 | D:9      | Received a gift from Trog
  5740 | D:9      | Noticed Erolcha
  5752 | D:9      | Killed Erolcha
  5752 | D:9      | Reached XP level 11. HP: 92/92 MP: 10/10
  6094 | D:10     | Entered Level 10 of the Dungeon
  6257 | D:10     | Found a staircase to the Orcish Mines.
  6379 | D:10     | Found a sacrificial altar of Ru.
  6598 | D:10     | Reached skill level 15 in Maces & Flails
  6721 | D:10     | Noticed an orc knight
  6721 | D:10     | Noticed an orc knight
  6722 | D:10     | Noticed an orc knight
  6896 | D:10     | Killed an orc knight
  7288 | D:10     | Killed an orc knight
  7308 | D:10     | Killed an orc knight
  7482 | D:10     | Received a gift from Trog
  7963 | Lair:1   | Entered Level 1 of the Lair of Beasts
  8192 | Lair:1   | Reached XP level 12. HP: 84/100 MP: 11/11
  8308 | Lair:1   | Reached skill level 15 in Armour
  8419 | Lair:1   | Reached skill level 1 in Shields
  8429 | Lair:1   | Reached skill level 2 in Shields
  8582 | Lair:2   | Noticed a seven-headed hydra
  8585 | Lair:2   | Noticed a seven-headed hydra
  8590 | Lair:2   | Killed a seven-headed hydra
  8590 | Lair:2   | Reached skill level 4 in Shields
  8595 | Lair:2   | Killed a seven-headed hydra
  8595 | Lair:2   | Reached skill level 5 in Shields
  8656 | Lair:2   | Noticed Gastronok
  8662 | Lair:2   | Reached skill level 6 in Shields
  8674 | Lair:2   | Killed Gastronok
  8674 | Lair:2   | Reached skill level 7 in Shields
  8770 | Lair:2   | Reached skill level 8 in Shields
  8974 | Lair:2   | Reached skill level 9 in Shields
  9005 | Lair:2   | Reached skill level 10 in Shields
  9049 | Lair:2   | Found a frozen archway.
  9069 | IceCv    | Entered an ice cave
  9324 | IceCv    | Reached skill level 11 in Shields
  9577 | IceCv    | Reached XP level 13. HP: 78/105 MP: 12/12
  9637 | IceCv    | Reached skill level 12 in Shields
  9707 | IceCv    | Noticed a frost giant
  9723 | IceCv    | Killed a frost giant
  9728 | IceCv    | Reached skill level 13 in Shields
 10008 | Lair:2   | Found a staircase to the Snake Pit.
 10360 | Lair:3   | Reached ****** piety under Trog
 10376 | Lair:3   | Reached skill level 14 in Shields
 10522 | Lair:3   | Received a gift from Trog
 10956 | Lair:4   | Found a staircase to the Swamp.
 11174 | Lair:4   | Reached skill level 15 in Shields
 11467 | Lair:4   | Found a hide-covered altar of Uskayaw.
 11754 | Lair:5   | Reached skill level 16 in Shields
 11966 | Lair:5   | Reached XP level 14. HP: 99/113 MP: 13/13
 12485 | Lair:6   | Entered Level 6 of the Lair of Beasts
 12501 | Lair:6   | Received a gift from Trog
 12607 | Lair:6   | Reached skill level 17 in Shields
 13175 | Lair:6   | Found a runed door.
 13175 | Lair:6   | Found a viscous altar of Jiyva.
 13176 | Lair:6   | Noticed an azure jelly
 13179 | Lair:6   | Found a staircase to the Slime Pits.
 13207 | Lair:6   | Noticed an azure jelly
 13348 | Lair:6   | Found a runed door.
 13406 | Lair:6   | Paralysed by a hornet for 1 turns
 13521 | Lair:6   | Got a bloodstained morningstar
 13524 | Lair:6   | Identified the +9 morningstar "Wenteici" {drain, rPois MR+
                  | Int+2 Dex-3} (You found it on level 6 of the Lair of
                  | Beasts)
 14174 | Lair:6   | Killed an azure jelly
 14174 | Lair:6   | Reached skill level 18 in Shields
 14176 | Lair:6   | Killed an azure jelly
 14442 | Orc:1    | Entered Level 1 of the Orcish Mines
 14563 | Orc:2    | Entered Level 2 of the Orcish Mines
 14708 | Orc:2    | Found a staircase to the Elven Halls.
 14713 | Orc:2    | Found Raczuis's Distillery.
 14825 | Orc:2    | Bought a potion of curing for 51 gold pieces
 14825 | Orc:2    | Bought a potion of heal wounds for 85 gold pieces
 14825 | Orc:2    | Bought a potion of curing for 51 gold pieces
 14849 | Orc:2    | Noticed an orc warlord
 14849 | Orc:2    | Found Polets's Book Emporium.
 14866 | Orc:2    | HP: 3/178 [orc knight/long sword (18)]
 14873 | Orc:2    | Killed from afar by an orc priest

Skill      XL: |  1  2  3  4  5  6  7  8  9 10 11 12 13 14 |
---------------+-------------------------------------------+-----
Maces & Flails | 4 5 6 7 8 9 11 13 14 16 | 16.0
Armour         | 3 10 13 14 15 | 15.7
Fighting       | 7 9 |  9.8
Shields        | 11 16 18 | 18.3
Dodging        | |  2.1

Action                   |  1- 3 |  4- 6 |  7- 9 | 10-12 | 13-15 || total
-------------------------+-------+-------+-------+-------+-------++-------
Melee: Mace              |    75 |   102 |    71 |       |       ||   248
       Headbutt          |     7 |    20 |    63 |   174 |   260 ||   524
       Dire flail        |       |       |   213 |   209 |       ||   422
       Morningstar       |       |       |       |   471 |   749 ||  1220
Invok: Berserk           |       |     3 |     3 |     9 |    12 ||    27
       Trog's Hand       |       |       |       |     3 |     3 ||     6
  Use: Scroll            |       |     9 |     4 |    10 |     9 ||    32
       Potion            |       |       |       |       |     2 ||     2
  Eat: Chunk             |       |     6 |    10 |    26 |    29 ||    71
       Ration            |       |       |       |     1 |       ||     1
Armor: Ring mail         |    23 |    39 |    59 |       |       ||   121
       Plate armour      |       |       |    21 |   408 |   323 ||   752
Dodge: Dodged            |    38 |    72 |   130 |   366 |   220 ||   826
Block: Buckler           |       |       |       |    48 |    23 ||    71
       Shield            |       |       |       |       |   452 ||   452
